 Dungeon Crawl Stone Soup version 0.22-a0-271-gc000056 (webtiles) character file.

1650 tidbits the Insei (level 9, 66/66 HPs)
             Began as a Gnoll Transmuter on Mar 11, 2018.
             Quit the game on level 4 of the Dungeon.
             The game lasted 00:18:17 (2171 turns).

tidbits the Insei (Gnoll Transmuter)                Turns: 2171, Time: 00:18:18

Health: 66/66      AC:  6    Str: 13    XL:     9   Next: 0%
Magic:  18/18      EV: 16    Int: 19    God:
Gold:   136        SH:  0    Dex: 20    Spells: 14/20 levels left

rFire    + . .     SeeInvis .   a - +0 dagger (flame)
rCold    . . .     Gourm    .   (no shield)
rNeg     . . .     Faith    .   B - +1 robe
rPois    .         Spirit   .   (helmet restricted)
rElec    .         Reflect  .   C - +2 cloak
rCorr    .         Harm     .   (no gloves)
MR       .....                  (no boots)
Stlth    +++.......             t - amulet "Rycy Oth" {RegenMP Dex+5}
HPRegen  0.21/turn              k - ring of protection from fire
MPRegen  0.41/turn              (no ring)

@: no status effects
A: distributed training, fangs 1, horns 1, MP-powered wands, strong nose
a: no special abilities


You were on level 4 of the Dungeon.
You were not hungry.

You visited 1 branch of the dungeon, and saw 8 of its levels.

You collected 236 gold pieces.
You spent 100 gold pieces at shops.

Inventory:

Hand Weapons
 a - a +0 dagger of flaming (weapon)
   (You took it off an orc on level 7 of the Dungeon)
 j - a +0 dagger
 p - a +2 flail of draining
   (You took it off an orc on level 5 of the Dungeon)
Missiles
 d - 29 stones (quivered)
 m - 47 arrows
Armour
 q - a cursed -1 shield
 v - a +0 scale mail of cold resistance
   (You found it on level 5 of the Dungeon)
 w - +0 ice dragon scales
 B - a +1 robe (worn)
 C - a +2 cloak (worn)
Jewellery
 k - a ring of protection from fire (left hand)
   (You found it on level 3 of the Dungeon)
 t - the amulet "Rycy Oth" (around neck) {RegenMP Dex+5}
   (You acquired it on level 6 of the Dungeon)

   [amulet of magic regeneration]

   It increases your magic regeneration.
   It affects your dexterity (+5).
 u - an uncursed amulet of guardian spirit
   (You took it off an orc on level 7 of the Dungeon)
Wands
 b - a wand of polymorph (14)
 s - a wand of flame (30)
Scrolls
 n - 4 scrolls of fear
 o - a scroll of amnesia
 r - a scroll of remove curse
 x - a scroll of teleportation
Potions
 e - 4 potions of heal wounds
 f - a potion of berserk rage {unknown}
 g - a potion of agility {unknown}
 h - a potion of curing
 i - 2 potions of flight {unknown}
 l - 2 potions of haste
Comestibles
 c - 10 rations


   Skills:
 + Level 4.5 Fighting
 + Level 3.6 Short Blades
 + Level 3.6 Long Blades
 + Level 3.6 Axes
 + Level 3.6 Maces & Flails
 + Level 3.6 Polearms
 + Level 3.6 Staves
 + Level 3.6 Slings
 + Level 3.6 Bows
 + Level 3.6 Crossbows
 + Level 3.6 Throwing
 + Level 3.6 Armour
 + Level 5.9 Dodging
 + Level 3.6 Stealth
 + Level 3.6 Shields
 + Level 7.6 Unarmed Combat
 + Level 6.2 Spellcasting
 + Level 3.0 Conjurations
 + Level 3.0 Hexes
 + Level 3.0 Charms
 + Level 3.0 Summonings
 + Level 3.0 Necromancy
 + Level 3.0 Translocations
 + Level 4.9 Transmutations
 + Level 3.0 Fire Magic
 + Level 3.0 Ice Magic
 + Level 3.0 Air Magic
 + Level 3.0 Earth Magic
 + Level 3.0 Poison Magic
 + Level 4.0 Invocations
 + Level 3.6 Evocations


You had 14 spell levels left.
You knew the following spells:

 Your Spells              Type           Power        Failure   Level  Hunger
e - Beastly Appendage     Tmut           ###...       1%          1    None
k - Sticks to Snakes      Tmut           ###.....     2%          2    None
p - Spider Form           Tmut/Pois      ###.......   6%          3    ##.....


Dungeon Overview and Level Annotations

Branches:
Dungeon (8/15)
 Temple: D:4-7         Lair: D:8-11

Altars:
Okawaru
Sif Muna
Trog
Yredelemnul
Zin

Shops:
D:7 *

Annotations:
D:4 ThereIsNoGod's ghost, weakling SpVM


Innate Abilities, Weirdness & Mutations

Your experience applies equally to all skills.
You have very sharp teeth.
Your uncanny sense of smell can sniff out nearby items.
You have a pair of small horns on your head.
You expend magic power (3 MP) to strengthen your wands.


Message History

A leopard gecko comes into view.
Casting: Sticks to Snakes (safe; 2% risk of failure)
Confirm with . or Enter, or press ? or * to list all spells.
You create a snake!
You now have 47 arrows.
Casting: Sticks to Snakes (safe; 2% risk of failure)
Confirm with . or Enter, or press ? or * to list all spells.
You turn into a venomous arachnid creature.
Your +0 dagger of flaming melds into your body.
Your +2 cloak melds into your body.
Your +1 robe melds into your body.
Your +0 dagger of flaming stops flaming.
The howler monkey hoots and howls with incredible vigour!
The leopard gecko barely misses your ball python.
You hear a shout!
Found ice dragon scales and a scroll of teleportation.
You swap places.
The leopard gecko bites you.
You barely miss the leopard gecko.
Your ball python completely misses the leopard gecko.
Your ball python closely misses the leopard gecko.
The leopard gecko completely misses you.
You bite the leopard gecko!
You kill the leopard gecko!
The howler monkey hoots and howls with incredible vigour!
The adder hisses angrily.
You hit the howler monkey but do no damage.
The howler monkey is poisoned.
Your ball python bites the howler monkey.
Your ball python grabs the howler monkey.
Your ball python constricts the howler monkey.
The howler monkey misses you.
You hit the howler monkey.
The howler monkey is moderately wounded.
Your ball python bites the howler monkey but does no damage.
Your ball python constricts the howler monkey.
The howler monkey completely misses you.
An orc comes into view. It is wielding a dagger of protection.
You hit the howler monkey.
The howler monkey looks even sicker.
The howler monkey is heavily wounded.
Your ball python bites the howler monkey.
Your ball python constricts the howler monkey.
The howler monkey hits your ball python.
You hit the howler monkey.
The howler monkey looks as sick as possible!
The howler monkey is severely wounded.
Your ball python bites the howler monkey.
Your ball python constricts the howler monkey.
The howler monkey completely misses you.
A jackal skeleton comes into view.
You hit the howler monkey but do no damage.
The howler monkey is almost dead.
Your ball python bites the howler monkey.
The howler monkey dies!
Your ball python looks stronger.
Your ball python misses the adder.
Your ball python grabs the adder.
Your ball python constricts the adder.
The adder struggles to escape constriction.
Your ball python bites the adder.
Your ball python constricts the adder.
The adder struggles to escape constriction.
Your ball python bites the adder.
Your ball python constricts the adder.
The adder struggles to escape constriction.
Your ball python barely misses the adder.
Your ball python constricts the adder.
The adder escapes!
Your ball python closely misses the adder.
Your ball python grabs the adder.
Your ball python constricts the adder.
You see here an inky potion.
i - 2 inky potions (gained 1)
The adder struggles to escape constriction.
Your ball python bites the adder.
Your ball python constricts the adder.
The adder struggles to escape constriction.
Your ball python bites the adder.
Your ball python constricts the adder.
The adder struggles to escape constriction.
The orc hits you but does no damage.
Your ball python bites the adder.
The adder dies!
You have reached level 9!
Your experience leads to an increase in your attributes!
Your base attributes are Str 13, Int 18, Dex 15.
Increase (S)trength, (I)ntelligence, or (D)exterity?
You feel clever.
You bite the orc!
You kill the orc!
You bite the jackal skeleton!
You destroy the jackal skeleton!
Things that are here:
a dagger of protection; an orc corpse You see here ice dragon scales. w - ice dragon scales You see here a scroll of teleportation.
x - a scroll of teleportation Your transformation is almost over.
Your ball python withers and dies!
Found a ration.
Your transformation has ended.
Your +0 dagger of flaming unmelds from your body.
Your +2 cloak unmelds from your body.
Your +1 robe unmelds from your body.
Your +0 dagger of flaming bursts into flame!
You see here a ration.
c - 10 rations (gained 1)
Found a whip.
You see here a whip.
Are you sure you want to abandon this character and quit the game? (Confirm with "yes".)

. #.......).#
#.........#
#.........#
#.........###.
#.............
#....<..# ###
#######.....## #..
#..........#######.#
#..@...............#
#..........#########
############


There were no monsters in sight!

Vanquished Creatures
  Prince Ribbit (D:5)
  Menkaure (D:6)
  Duvessa (D:6)
  A sky beast (D:5)
  A centaur (D:7)
  3 bullfrogs
  Dowan (D:6)
  A water moccasin zombie (D:5)
  A water moccasin skeleton (D:6)
  2 scorpions
  A crimson imp (D:5)
  An orc priest (D:5)
  3 hounds
  Crazy Yiuf (D:6)
  4 orc wizards
  2 centaur skeletons
  An iguana (D:6)
  A worker ant (D:5)
  3 gnolls (D:3)
  4 adders
  An ooze (D:7)
  2 leopard geckos
  25 orcs
  2 giant cockroaches
  3 goblins
  2 hobgoblins
  2 jackals (D:1)
  2 bats
  A frilled lizard (D:3)
  A giant cockroach zombie (D:5)
  A jackal skeleton (D:4)
  A kobold (D:1)
  4 rats
  A fungus (D:6)
82 creatures vanquished.

Vanquished Creatures (collateral kills)
  A sky beast (D:3)
  A howler monkey (D:4)
  A howler monkey zombie (D:5)
  An adder (D:4)
  An adder skeleton (D:5)
  A worm (D:5)
  2 orcs (D:7)
  A giant cockroach (D:5)
  A leopard gecko zombie (D:6)
10 creatures vanquished.

Grand Total: 92 creatures vanquished

Notes
Turn   | Place    | Note
-------+----------+-------------------------------------------
     0 | D:1      | tidbits the Gnoll Transmuter began the quest for the Orb.
     0 | D:1      | Reached XP level 1. HP: 17/17 MP: 6/6
   174 | D:1      | Reached XP level 2. HP: 22/23 MP: 5/7
   178 | D:1      | Learned a level 2 spell: Sticks to Snakes
   339 | D:2      | Found a bloodstained altar of Trog.
   527 | D:3      | Noticed a sky beast
   591 | D:3      | Reached XP level 3. HP: 22/28 MP: 7/9
   600 | D:3      | Reached skill level 5 in Spellcasting
   605 | D:3      | Reached skill level 1 in Invocations
   609 | D:3      | HP: 2/28 [sky beast (6)]
   613 | D:3      | Killed a sky beast
   613 | D:3      | Reached skill level 1 in Short Blades
   613 | D:3      | Reached skill level 1 in Long Blades
   613 | D:3      | Reached skill level 1 in Axes
   613 | D:3      | Reached skill level 1 in Maces & Flails
   613 | D:3      | Reached skill level 1 in Polearms
   613 | D:3      | Reached skill level 1 in Staves
   613 | D:3      | Reached skill level 1 in Slings
   613 | D:3      | Reached skill level 1 in Bows
   613 | D:3      | Reached skill level 1 in Crossbows
   613 | D:3      | Reached skill level 1 in Throwing
   613 | D:3      | Reached skill level 1 in Armour
   613 | D:3      | Reached skill level 1 in Stealth
   613 | D:3      | Reached skill level 1 in Shields
   613 | D:3      | Reached skill level 1 in Conjurations
   613 | D:3      | Reached skill level 1 in Hexes
   613 | D:3      | Reached skill level 1 in Charms
   613 | D:3      | Reached skill level 1 in Summonings
   613 | D:3      | Reached skill level 1 in Necromancy
   613 | D:3      | Reached skill level 1 in Translocations
   613 | D:3      | Reached skill level 1 in Fire Magic
   613 | D:3      | Reached skill level 1 in Ice Magic
   613 | D:3      | Reached skill level 1 in Air Magic
   613 | D:3      | Reached skill level 1 in Earth Magic
   613 | D:3      | Reached skill level 1 in Poison Magic
   613 | D:3      | Reached skill level 1 in Evocations
   613 | D:3      | Reached XP level 4. HP: 32/34 MP: 3/11
   613 | D:3      | Reached XP level 5. HP: 38/40 MP: 3/12
   618 | D:3      | Learned a level 3 spell: Spider Form
   734 | D:3      | Reached skill level 3 in Fighting
   787 | D:3      | Reached skill level 4 in Transmutations
   876 | D:4      | Reached XP level 6. HP: 46/47 MP: 6/13
   891 | D:4      | Noticed ThereIsNoGod's ghost (weakling SpVM)
   897 | D:5      | Entered Level 5 of the Dungeon
   902 | D:5      | Reached skill level 2 in Invocations
   903 | D:5      | Found a basalt altar of Yredelemnul.
   919 | D:5      | Reached skill level 2 in Short Blades
   919 | D:5      | Reached skill level 2 in Long Blades
   919 | D:5      | Reached skill level 2 in Axes
   919 | D:5      | Reached skill level 2 in Maces & Flails
   919 | D:5      | Reached skill level 2 in Polearms
   919 | D:5      | Reached skill level 2 in Staves
   919 | D:5      | Reached skill level 2 in Slings
   919 | D:5      | Reached skill level 2 in Bows
   919 | D:5      | Reached skill level 2 in Crossbows
   919 | D:5      | Reached skill level 2 in Throwing
   919 | D:5      | Reached skill level 2 in Armour
   919 | D:5      | Reached skill level 5 in Dodging
   919 | D:5      | Reached skill level 2 in Stealth
   919 | D:5      | Reached skill level 2 in Shields
   919 | D:5      | Reached skill level 2 in Evocations
  1141 | D:6      | Noticed Menkaure
  1147 | D:6      | Noticed Dowan
  1155 | D:6      | Noticed Duvessa
  1159 | D:6      | Killed Menkaure
  1159 | D:6      | Reached XP level 7. HP: 35/52 MP: 9/15
  1172 | D:6      | Killed Duvessa
  1172 | D:6      | Reached skill level 7 in Unarmed Combat
  1172 | D:6      | Reached skill level 2 in Conjurations
  1172 | D:6      | Reached skill level 2 in Hexes
  1172 | D:6      | Reached skill level 2 in Charms
  1172 | D:6      | Reached skill level 2 in Summonings
  1172 | D:6      | Reached skill level 2 in Necromancy
  1172 | D:6      | Reached skill level 2 in Translocations
  1172 | D:6      | Reached skill level 2 in Fire Magic
  1172 | D:6      | Reached skill level 2 in Ice Magic
  1172 | D:6      | Reached skill level 2 in Air Magic
  1172 | D:6      | Reached skill level 2 in Earth Magic
  1172 | D:6      | Reached skill level 2 in Poison Magic
  1176 | D:6      | Killed Dowan
  1251 | D:6      | Found a runed door.
  1256 | D:6      | Noticed Crazy Yiuf
  1266 | D:6      | Killed Crazy Yiuf
  1266 | D:6      | Reached skill level 3 in Invocations
  1297 | D:6      | Identified a scroll of acquirement
  1303 | D:6      | Got a faintly glowing platinum amulet
  1304 | D:6      | Identified the amulet "Rycy Oth" {RegenMP Dex+5} (You acquired it on level 6 of the Dungeon)
  1306 | D:6      | Gained mutation: You expend magic power (3 MP) to strengthen your wands. [potion of mutation]
  1306 | D:6      | Gained mutation: You have a pair of small horns on your head. [potion of mutation]
  1369 | D:7      | Found a glowing silver altar of Zin.
  1446 | D:7      | Reached XP level 8. HP: 51/60 MP: 11/16
  1451 | D:7      | Found a deep blue altar of Sif Muna.
  1478 | D:7      | Reached skill level 4 in Fighting
  1530 | D:7      | Reached skill level 3 in Short Blades
  1530 | D:7      | Reached skill level 3 in Long Blades
  1530 | D:7      | Reached skill level 3 in Axes
  1530 | D:7      | Reached skill level 3 in Maces & Flails
  1530 | D:7      | Reached skill level 3 in Polearms
  1530 | D:7      | Reached skill level 3 in Staves
  1530 | D:7      | Reached skill level 3 in Slings
  1530 | D:7      | Reached skill level 3 in Bows
  1530 | D:7      | Reached skill level 3 in Crossbows
  1530 | D:7      | Reached skill level 3 in Throwing
  1530 | D:7      | Reached skill level 3 in Armour
  1530 | D:7      | Reached skill level 3 in Stealth
  1530 | D:7      | Reached skill level 3 in Shields
  1530 | D:7      | Reached skill level 3 in Evocations
  1556 | D:7      | Found Caakeikh's Assorted Antiques.
  1564 | D:7      | Bought a golden ring for 100 gold pieces
  1831 | D:6      | Found an iron altar of Okawaru.
  1852 | D:5      | Reached skill level 6 in Spellcasting
  2016 | D:5      | Noticed Prince Ribbit
  2027 | D:5      | Killed Prince Ribbit
  2027 | D:5      | Reached skill level 3 in Conjurations
  2027 | D:5      | Reached skill level 3 in Hexes
  2027 | D:5      | Reached skill level 3 in Charms
  2027 | D:5      | Reached skill level 3 in Summonings
  2027 | D:5      | Reached skill level 3 in Necromancy
  2027 | D:5      | Reached skill level 3 in Translocations
  2027 | D:5      | Reached skill level 3 in Fire Magic
  2027 | D:5      | Reached skill level 3 in Ice Magic
  2027 | D:5      | Reached skill level 3 in Air Magic
  2027 | D:5      | Reached skill level 3 in Earth Magic
  2027 | D:5      | Reached skill level 3 in Poison Magic
  2027 | D:5      | Reached skill level 4 in Invocations
  2099 | D:4      | Reached XP level 9. HP: 64/66 MP: 18/18
  2171 | D:4      | Quit the game

Vault maps used:
D:1:      roderic_crossed_star
D:2:      lightli_temple_of_fire
D:3:      grunt_gozag_statues, gup_sewer_entry_bowl, first_ration
D:4:      minmay_temple_entry_mist, serial_shops, shop,
          nemelex_diamond_rough_becter
D:5:      nicolae_overflow_crystal_walls, uniq_prince_ribbit1
D:6:      lemuel_crystal_altar, makhleb_altar_promises_db, uniq_menkaure,
          uniq_crazy_yiuf_cottage, uniq_duvessa
D:7:      lemuel_doored_altar, nemelex_xobeh_ov_fountains_minmay, led_sif_book,
          serial_shops, shop_statue
D:8:      lemuel_coloured_pillars_altar, basic_altar, grunt_pizzeria,
          kennysheep_generic_room_9

Skill      XL: |  1  2  3  4  5  6  7  8 |
---------------+-------------------------+-----
Spellcasting   | 5 6 |  6.2
Invocations    | 1 2 3 4 |  4.0
Short Blades   | 1 2 3 |  3.6
Long Blades    | 1 2 3 |  3.6
Axes           | 1 2 3 |  3.6
Maces & Flails | 1 2 3 |  3.6
Polearms       | 1 2 3 |  3.6
Staves         | 1 2 3 |  3.6
Slings         | 1 2 3 |  3.6
Bows           | 1 2 3 |  3.6
Crossbows      | 1 2 3 |  3.6
Throwing       | 1 2 3 |  3.6
Armour         | 1 2 3 |  3.6
Stealth        | 1 2 3 |  3.6
Shields        | 1 2 3 |  3.6
Conjurations   | 1 2 3 |  3.0
Hexes          | 1 2 3 |  3.0
Charms         | 1 2 3 |  3.0
Summonings     | 1 2 3 |  3.0
Necromancy     | 1 2 3 |  3.0
Translocations | 1 2 3 |  3.0
Fire Magic     | 1 2 3 |  3.0
Ice Magic      | 1 2 3 |  3.0
Air Magic      | 1 2 3 |  3.0
Earth Magic    | 1 2 3 |  3.0
Poison Magic   | 1 2 3 |  3.0
Evocations     | 1 2 3 |  3.6
Fighting       | 3 4 |  4.5
Transmutations | 4 |  4.9
Dodging        | 5 |  5.9
Unarmed Combat | 7 |  7.6

Action                   |  1- 3 |  4- 6 |  7- 9 || total
-------------------------+-------+-------+-------++-------
Melee: Unarmed           |    39 |    67 |   136 ||   242
       Headbutt          |     4 |       |     1 ||     5
       Bite              |     2 |     1 |       ||     3
       Kick              |     1 |       |       ||     1
       Dagger            |       |       |     3 ||     3
Throw: Stone             |     1 |     1 |     1 ||     3
 Cast: Beastly Appendage |     9 |       |       ||     9
       Sticks to Snakes  |     3 |     6 |    13 ||    22
       Spider Form       |       |    12 |    17 ||    29
 Abil: End Transformatio |       |     1 |       ||     1
  Use: Potion            |     1 |     1 |     1 ||     3
       Scroll            |       |     5 |    10 ||    15
 Stab: Sleeping          |       |       |     1 ||     1
  Eat: Chunk             |       |     1 |     5 ||     6
Armor: Robe              |     3 |       |     1 ||     4
       Skin              |       |     2 |     4 ||     6
Dodge: Dodged            |    20 |    54 |   105 ||   179

Table legend:
 A = Spawn XP
 B = Non-spawn XP
 C = Spawn XP percentage of total XP
 D = Spawn monster count
 E = Non-spawn monster count
 F = Spawn count percentage of total count
 G = Total turns spent on level
                    A         B        C        D         E        F      G
               +---------+---------+-------+---------+---------+-------+---------
         Total |       0 |    2358 |   0.0 |       0 |      91 |   0.0 |  2171
               +---------+---------+-------+---------+---------+-------+---------
           D:1 |       0 |      10 |   0.0 |       0 |       6 |   0.0 |   192
           D:2 |       0 |      22 |   0.0 |       0 |       7 |   0.0 |   373
           D:3 |       0 |     259 |   0.0 |       0 |      17 |   0.0 |   290
           D:4 |       0 |      99 |   0.0 |       0 |       6 |   0.0 |   136
           D:5 |       0 |     868 |   0.0 |       0 |      27 |   0.0 |   457
           D:6 |       0 |     680 |   0.0 |       0 |      11 |   0.0 |   295
           D:7 |       0 |     420 |   0.0 |       0 |      17 |   0.0 |   415
               +---------+---------+-------+---------+---------+-------+---------

Table legend:
 A = Turns spent in this place as a percentage of turns spent in the entire game.
 B = Non-inter-level travel turns spent in this place as a percentage of non-inter-level travel turns spent in the entire game.
 C = Inter-level travel turns spent in this place as a percentage of turns spent in this place.
 D = Turns resting spent in this place as a percentage of non-inter-level travel turns spent in this place.
 E = Turns spent auto-exploring this place as a percentage of non-inter-level travel turns spent in this place.
 F = Non-inter-level travel turns spent in this place divided by the number of levels of this place that you've seen.
                   A       B       C       D       E      F
               +-------+-------+-------+-------+-------+----------------------
         Total | 100.0 | 100.0 |   1.2 |   0.0 |   0.0 | 268.1
       Dungeon | 100.0 | 100.0 |   1.2 |   0.0 |   0.0 | 268.1
               +-------+-------+-------+-------+-------+----------------------

Table legend:
 A = Kills in this place as a percentage of kills in entire the game.
 B = Kills by you in this place as a percentage of kills by you in the entire game.
 C = Kills by friends in this place as a percentage of kills by friends in the entire game.
 D = Other kills in this place as a percentage of other kills in the entire game.
 E = Experience gained in this place as a percentage of experience gained in the entire game.
 F = Experience gained in this place divided by the number of levels of this place that you have seen.
                   A       B       C       D       E      F
               +-------+-------+-------+-------+-------+----------------------
         Total | 100.0 | 100.0 | 100.0 |   N/A | 100.0 | 294.8
       Dungeon | 100.0 | 100.0 | 100.0 |   N/A | 100.0 | 294.8
               +-------+-------+-------+-------+-------+----------------------

Vault maps used:
D:1:      roderic_crossed_star
D:2:      lightli_temple_of_fire
D:3:      grunt_gozag_statues, gup_sewer_entry_bowl, first_ration
D:4:      minmay_temple_entry_mist, serial_shops, shop,
          nemelex_diamond_rough_becter
D:5:      nicolae_overflow_crystal_walls, uniq_prince_ribbit1
D:6:      lemuel_crystal_altar, makhleb_altar_promises_db, uniq_menkaure,
          uniq_crazy_yiuf_cottage, uniq_duvessa
D:7:      lemuel_doored_altar, nemelex_xobeh_ov_fountains_minmay, led_sif_book,
          serial_shops, shop_statue
D:8:      lemuel_coloured_pillars_altar, basic_altar, grunt_pizzeria,
          kennysheep_generic_room_9
